 Dungeon Crawl Stone Soup version 0.26-a0-61-g6c07f0ee8d (webtiles) character file.

Game seed: 4794302276985744042

111 MisterFreud the Skirmisher (level 4, 0/33 HPs)
             Began as an Octopode Gladiator on June 9, 2020.
             Slain by Grinder (9 damage)
             ... on level 3 of the Dungeon.
             The game lasted 00:04:16 (1916 turns).

MisterFreud the Skirmisher (Octopode Gladiator)     Turns: 1916, Time: 00:04:17

Health: 0/33       AC:  1    Str: 13    XL:     4   Next: 92%
Magic:  4/4        EV: 13    Int: 11    God:
Gold:   111        SH:  6    Dex: 13    Spells: 3/3 levels left

rFire    . . .     SeeInvis .   a - +0 long sword
rCold    . . .     Gourm    .   r - +2 buckler
rNeg     . . .     Faith    .   b - +0 hat
rPois    .         Spirit   .   k - amulet of the acrobat
rElec    .         Reflect  .   (no ring)
rCorr    .         Harm     .   (no ring)
MR       .....                  (no ring)
Stlth    ++........             (no ring)
HPRegen  0.11/turn              (no ring)
MPRegen  0.09/turn              (no ring)
                                (no ring)
                                (no ring)

@: no status effects
A: almost no armour, stealthy swim, amphibious, 8 rings, constrict 8, camouflage
1, deterioration 1, gelatinous body 1
a: no special abilities


You were on level 3 of the Dungeon.
You were not hungry.

You visited 1 branch of the dungeon, and saw 3 of its levels.

You collected 111 gold pieces.

Inventory:

Hand Weapons
 a - a +0 long sword (weapon)
Missiles
 c - 3 throwing nets (quivered)
Armour
 b - a +0 hat (worn)
 r - a +2 buckler (worn)
Jewellery
 k - an amulet of the acrobat (around mantle)
Scrolls
 g - a scroll of fog {unknown}
 h - 2 scrolls of blinking {unknown}
 i - 6 scrolls of identify {unknown}
 j - 5 scrolls of teleportation {unknown}
 l - 4 scrolls of remove curse {unknown}
 o - 2 scrolls of amnesia {unknown}
 s - a scroll of immolation {unknown}
Potions
 e - a potion of mutation
 f - a potion of curing
 m - a potion of heal wounds {unknown}
 n - 2 potions of brilliance {unknown}
 p - 2 potions of berserk rage {unknown}
 t - a potion of flight {unknown}
Comestibles
 d - 5 rations
 q - 4 chunks of flesh


   Skills:
 - Level 4.0 Fighting
 + Level 3.8 Long Blades
 - Level 2.0 Throwing
 - Level 3.0 Dodging
 + Level 1.3 Shields


You had 3 spell levels left.
You didn't know any spells.
Your spell library contained the following spells:

 Spells                   Type           Power        Failure   Level  Hunger
 Animate Skeleton         Necr           N/A          45%         1    ##.....
 Apportation              Tloc           #.....       45%         1    ##.....
 Corona                   Hex            #......      45%         1    ##.....
 Summon Small Mammal      Summ           #...         45%         1    ##.....


Dungeon Overview and Level Annotations

Branches:
Dungeon (3/15)

Altars:
Ashenzari
Elyvilon
Nemelex Xobeh
Sif Muna
Trog
Xom
The Shining One

Annotations:
D:3 Grinder


Innate Abilities, Weirdness & Mutations

You cannot wear most types of armour.
You are very stealthy in the water. (Stealth+)
You are amphibious.
You can wear up to eight rings at the same time.
You can use your tentacles to constrict eight enemies at once.
Your skin changes colour to match your surroundings (Stealth+).
Your rubbery body absorbs attacks. (AC +1, EV +1)
Your body sometimes deteriorates upon taking damage.


Message History

You constrict Grinder. Grinder hits you.
You constrict Grinder. You block Grinder's attack.
You constrict Grinder. Grinder hits you.
* * * LOW HITPOINT WARNING * * *
You constrict Grinder. Grinder gestures at you. Pain shoots through your body!
* * * LOW HITPOINT WARNING * * *
You constrict Grinder. Grinder completely misses you.
Okay, then.
Unknown command.
It was a potion of mutation.
You feel extremely strange.
Your connection to magic feels subdued.
You feel yourself wasting away.
Your magic regains its normal vibrancy.
You constrict Grinder. You block Grinder's attack.
Unknown command.
Unknown command.
It was a potion of curing.
You feel better.
You constrict Grinder. Grinder hits you!
You die...

### ... #.# ###
#.##########
..###...<.....#
#5#.########.#
#@## #.# #.#
#.. #.. ...#
#.## ..#


You could see Grinder.

Vanquished Creatures
  3 adders (D:2)
  3 oozes
  3 dart slugs (D:1)
  5 leopard geckos
  An orc (D:2)
  2 giant cockroaches
  9 goblins
  10 hobgoblins
  A quokka (D:2)
  2 ball pythons (D:2)
  3 bats
  4 frilled lizards
  8 kobolds
  6 rats
60 creatures vanquished.

Notes
Turn   | Place    | Note
-------+----------+-------------------------------------------
     0 | D:1      | MisterFreud the Octopode Gladiator began the quest for the
                  | Orb.
     0 | D:1      | Reached XP level 1. HP: 14/14 MP: 1/1
    61 | D:1      | Reached XP level 2. HP: 20/20 MP: 2/2
   278 | D:1      | Reached skill level 3 in Fighting
   464 | D:1      | Reached XP level 3. HP: 21/26 MP: 3/3
   965 | D:1      | Found a glowing golden altar of the Shining One.
  1172 | D:2      | Found a faded altar of an unknown god.
  1180 | D:2      | Found a shimmering altar of Xom.
  1187 | D:2      | Reached skill level 4 in Fighting
  1269 | D:2      | Reached XP level 4. HP: 33/33 MP: 4/4
  1287 | D:2      | Found a shattered altar of Ashenzari.
  1451 | D:2      | Found a shimmering blue altar of Sif Muna.
  1548 | D:2      | Reached skill level 1 in Shields
  1583 | D:2      | Found a white marble altar of Elyvilon.
  1587 | D:2      | Found a bloodstained altar of Trog.
  1846 | D:2      | Found a sparkling altar of Nemelex Xobeh.
  1905 | D:3      | Noticed Grinder
  1915 | D:3      | Gained mutation: Your spells are a little easier to cast,
                  | but a little less powerful. [potion of mutation]
  1915 | D:3      | Gained mutation: Your body sometimes deteriorates upon
                  | taking damage. [potion of mutation]
  1915 | D:3      | Lost mutation: Your spells are a little easier to cast, but
                  | a little less powerful. [potion of mutation]
  1916 | D:3      | Slain by Grinder

Illustrated notes

Levels and vault maps discovered:
D:1:      saegor_arrival_simple_c, layout_loops_ring, tso_altar
D:2:      layout_rooms, led_sif_pool, old_standard_altar,
          nicolae_overflow_hidden_temple, chequers_ecumenical_altar_simple,
          chequers_serial_rivers_small_b, nemelex_dance_club_becter
D:3:      layout_loops_ring, chequers_serial_rivers_room_b, uniq_robin,
          uniq_grinder, uniq_sigmund

Skill      XL: |  1  2  3  4 |
---------------+-------------+-----
Fighting       | 3 4 |  4.0
Shields        | 1 |  1.3
Long Blades    | |  3.8
Throwing       | |  2.0
Dodging        | |  3.0

Action                   |  1- 3 |  4- 6 || total
-------------------------+-------+-------++-------
Melee: Long sword        |    57 |    37 ||    94
       Constrict         |    16 |    14 ||    30
       Tentacles         |     9 |     6 ||    15
  Use: Potion            |       |     2 ||     2
 Stab: Sleeping          |     8 |     6 ||    14
       Distracted        |       |     1 ||     1
  Eat: Chunk             |       |     3 ||     3
Armor: Skin              |     2 |     2 ||     4
Dodge: Dodged            |    42 |    24 ||    66
Block: Buckler           |       |    12 ||    12
       Rpst.: Long sword |    12 |    10 ||    22

Table legend:
 A = Non-vault XP
 B = Vault XP
 C = Vault XP percentage of total XP
 D = Non-vault monster count
 E = Vault monster count
 F = Vault count percentage of total count
                 A         B        C        D         E       F
            +---------+---------+-------+---------+---------+-------
      Total |     149 |      10 |   6.3 |      58 |       2 |   3.3
            +---------+---------+-------+---------+---------+-------
        D:1 |      63 |       0 |   0.0 |      32 |       0 |   0.0
        D:2 |      86 |      10 |  10.4 |      26 |       2 |   7.1
            +---------+---------+-------+---------+---------+-------
